 Dungeon Sprint DCSS version 0.03.2.1-26-g6dd6cd2cfd (webtiles) character file.

Game seed: 3011788947506967354, levelgen mode: deterministic

697 Cadaver the Nimble (level 7, -8/60 HPs) Gnoll Wanderer. Began on Jan 6, 2021. Was a Follower of Wu Jian. Mangled by an ice devil (22 damage) ... summoned by a kobold demonologist ... in the Dungeon (Sprint I: "Red Sonja"). The game lasted 00:03:10 (296 turns).

Cadaver the Nimble (Gnoll Wanderer)                  Turns: 296, Time: 00:03:11

Health: -8/60      AC:  2    Str: 17    XL:     7 ^: 202
Magic:  15/15      EV: 10    Int: 13    God:    Wu Jian [1* [33]]
Gold:   405        SH:  0    Dex: 15    Spells: 17/17 levels left

rFire    . . .     Vision   .   a - +0 quarterstaff
rCold    . . .     Gourm    .   (also wielding the above weapon)
rNeg     . . .     Faith    .   e - +0 robe
rPois    .         Spirit   .   (no helmet)
rElec    .         Reflect  .   (no cloak)
rCorr    .         Harm     .   (no gloves)
MR       .....     NoTele   +   (no boots)
Stlth    ++++......             (no amulet)
HPRegen  0.30/turn              (no ring)
MPRegen  0.25/turn              (no ring)

@: no status effects
A: distributed training, fangs 1, strong nose
a: Renounce Religion


You were in the Dungeon.
You worshipped Wu Jian.
Wu Jian was aware of your devotion.
You were not hungry.

You visited 1 branch You collected 405 gold pieces.

Inventory:

Weapons
 a - a +0 quarterstaff (weapon)
 f - a +0 dagger
Armour
 e - a +0 robe (worn)
Wands
 l - a wand of ensnaring
 n - a wand of random effects (15)
Scrolls
 k - a scroll of blinking
Potions
 b - 2 potions of berserk rage
 c - 2 potions of haste
 h - a potion of curing
 i - a potion of heal wounds
 j - 2 potions of magic
Comestibles
 g - a ration
 m - a chunk of flesh


   Skills:
 + Level 7.4 Fighting
 + Level 5.7 Short Blades
 + Level 5.7 Long Blades
 + Level 5.7 Axes & Hammers
 + Level 5.7 Whips & Flails
 + Level 5.7 Polearms
 + Level 5.7 Maces & Staves
 + Level 5.7 Slings
 + Level 5.7 Bows
 + Level 5.7 Crossbows
   Level 0.0 Throwing
 + Level 5.7 Armour
 + Level 8.8 Dodging
 + Level 8.4 Stealth
 + Level 5.7 Shields
 + Level 7.4 Unarmed Combat
 + Level 5.7 Spellcasting
 + Level 4.7 Hexes
 + Level 4.7 Charms
 + Level 4.7 Summonings
 + Level 4.7 Necromancy
 + Level 4.7 Translocations
 + Level 4.7 Transmutations
 + Level 4.7 Fire Magic
 + Level 4.7 Ice Magic
 + Level 4.7 Air Magic
 + Level 4.7 Earth Magic
 + Level 4.7 Poison Magic
 + Level 6.3 Invocations
 + Level 5.7 Evocations


You had 17 spell levels left.
You didn't know any spells.
Your spell library was empty.

Dungeon Overview and Level Annotations

Branches:
Dungeon (1/1)

Altars:
Cheibriados
Dithmenos
Elyvilon
Fedhas Madash
Gozag Ym Sagoz
Hepliaklqana
Kikubaaqudgha
Makhleb
Nemelex Xobeh
Okawaru
Qazlal
Ru
Sif Muna
Trog
Uskayaw
Vehumet
Wu Jian
Xom
Yredelemnul
Zin
The Shining One
Jiyva
Lugonu

Shops:
D =


Innate Abilities, Weirdness & Mutations

Your experience applies equally to all skills.
You have very sharp teeth.
Your uncanny sense of smell can sniff out nearby items.


Message History

The kobold demonologist hits you with a +0 dagger (1).
The kobold demonologist hits you but does no damage.
The crimson imp hits you (4). The white imp barely misses you (0).
You hit the kobold demonologist (2).
The kobold demonologist is lightly wounded. (40/42) HP The kobold demonologist mumbles some strange words.
The kobold demonologist casts a spell.
The crimson imp barely misses you (0). The white imp hits you (3).
The white imp freezes you (3).
You sock the kobold demonologist (15)!
The kobold demonologist is moderately wounded. (26/42) HP The sixfirhy hits you (8)!
The sixfirhy shocks you (12)!
The kobold demonologist casts a cantrip, but nothing happens.
The sixfirhy hits you but does no damage.
The kobold demonologist hits you with a +0 dagger (3).
The crimson imp hits you but does no damage.
The ice devil hits you (12)!
* * * LOW HITPOINT WARNING * * *
The ice devil freezes you (22)!!
You die...

###################
..#.)'..#__#..'453#∆∆
∆ .)'..#..'^.'..#5@K#
∆ #'#####'#__####K5.+
∆ ..#...#)####∆∆#####
∆ ###..##.# ∆∆
__##'#_.+ ..÷'..._#
∆∆ __##_.#+# __###+#∆
∆∆∆∆ ∆ ### ∆


You could see an ice devil, 2 kobold demonologists, a sixfirhy, an iron imp, a
crimson imp and a white imp.

Vanquished Creatures
  A yak (D)
  Sigmund (D)
  A slime creature (D)
  A floating eye (D)
  Ijyb (D)
  An ogre (D)
  A jelly (D)
7 creatures vanquished.

Vanquished Creatures (others)
  A gargoyle (D)
1 creature vanquished.

Grand Total: 8 creatures vanquished

Notes
Turn   | Place    | Note
-------+----------+-------------------------------------------
     0 | D        | Cadaver the Gnoll Wanderer began the quest for the Orb.
     0 | D        | Cadaver set off with the following items: a +0
                  | quarterstaff, 2 potions of berserk rage, 2 potions of
                  | haste, a potion of lignification, a +0 robe, a +0 dagger, a
                  | ration, a potion of curing, a potion of heal wounds, 2
                  | potions of magic, a scroll of blinking
     0 | D        | Reached XP level 1. HP: 20/20 MP: 1/1
     1 | D        | Noticed Ijyb
     6 | D        | Killed Ijyb
     6 | D        | Reached skill level 5 in Fighting
     6 | D        | Reached skill level 5 in Unarmed Combat
     6 | D        | Reached XP level 2. HP: 24/27 MP: 1/5
     6 | D        | Reached XP level 3. HP: 29/33 MP: 1/7
     6 | D        | Reached XP level 4. HP: 35/39 MP: 1/8
    45 | D        | Noticed an ogre
    48 | D        | Killed an ogre
    48 | D        | Reached XP level 5. HP: 46/46 MP: 8/10
    60 | D        | Noticed Sigmund
    64 | D        | Killed Sigmund
    64 | D        | Reached XP level 6. HP: 53/53 MP: 10/12
    76 | D        | Found an ornate altar of the Wu Jian Council.
    76 | D        | Found a shimmering blue altar of Sif Muna.
    78 | D        | Found a radiant altar of Vehumet.
    83 | D        | Reached skill level 5 in Invocations
   125 | D        | Killed a gargoyle
   144 | D        | Became a worshipper of the Wu Jian Council
   147 | D        | Found Wyoph's Jewellery Emporium.
   147 | D        | Found an ancient bone altar of Kikubaaqudgha.
   147 | D        | Found a hazy altar of Hepliaklqana.
   147 | D        | Found a stormy altar of Qazlal.
   147 | D        | Found a hide-covered altar of Uskayaw.
   147 | D        | Found a blossoming altar of Fedhas.
   147 | D        | Found a bloodstained altar of Trog.
   147 | D        | Found an iron altar of Okawaru.
   147 | D        | Found a basalt altar of Yredelemnul.
   147 | D        | Found a glowing golden altar of the Shining One.
   147 | D        | Found a snail-covered altar of Cheibriados.
   147 | D        | Found a sacrificial altar of Ru.
   147 | D        | Found a glowing silver altar of Zin.
   147 | D        | Found a shadowy altar of Dithmenos.
   147 | D        | Found a white marble altar of Elyvilon.
   147 | D        | Noticed a yak
   148 | D        | Found an opulent altar of Gozag.
   149 | D        | Killed a yak
   149 | D        | Reached skill level 5 in Short Blades
   149 | D        | Reached skill level 5 in Long Blades
   149 | D        | Reached skill level 5 in Axes & Hammers
   149 | D        | Reached skill level 5 in Whips & Flails
   149 | D        | Reached skill level 5 in Polearms
   149 | D        | Reached skill level 5 in Maces & Staves
   149 | D        | Reached skill level 5 in Slings
   149 | D        | Reached skill level 5 in Bows
   149 | D        | Reached skill level 5 in Crossbows
   149 | D        | Reached skill level 5 in Armour
   149 | D        | Reached skill level 5 in Shields
   149 | D        | Reached skill level 5 in Spellcasting
   149 | D        | Reached skill level 5 in Evocations
   149 | D        | Reached XP level 7. HP: 48/60 MP: 12/14
   150 | D        | Found a sparkling altar of Nemelex Xobeh.
   189 | D        | Found a burning altar of Makhleb.
   189 | D        | Found a viscous altar of Jiyva.
   189 | D        | Found a shimmering altar of Xom.
   189 | D        | Found a corrupted altar of Lugonu.
   290 | D        | Noticed a kobold demonologist
   291 | D        | Noticed a kobold demonologist
   293 | D        | Reached * piety under Wu Jian
   296 | D        | Noticed an ice devil
   296 | D        | Noticed a sixfirhy
   296 | D        | Mangled by an ice devil

Levels and vault maps discovered:
D:        dungeon_sprint_1 [red_sonja_temple_1, red_sonja_temple_small_1]

Skill      XL: |  1  2  3  4  5  6  7 |
---------------+----------------------+-----
Fighting       | 5 6 7 |  7.4
Short Blades   | 2 3 4 5 |  5.7
Long Blades    | 2 3 4 5 |  5.7
Axes & Hammers | 2 3 4 5 |  5.7
Whips & Flails | 2 3 4 5 |  5.7
Polearms       | 2 3 4 5 |  5.7
Maces & Staves | 2 3 4 5 |  5.7
Slings         | 2 3 4 5 |  5.7
Bows           | 2 3 4 5 |  5.7
Crossbows      | 2 3 4 5 |  5.7
Armour         | 2 3 4 5 |  5.7
Dodging        | 7 8 |  8.8
Stealth        | 6 7 8 |  8.4
Shields        | 2 3 4 5 |  5.7
Unarmed Combat | 5 6 7 |  7.4
Spellcasting   | 2 3 4 5 |  5.7
Hexes          | 2 3 4 |  4.7
Charms         | 2 3 4 |  4.7
Summonings     | 2 3 4 |  4.7
Necromancy     | 2 3 4 |  4.7
Translocations | 2 3 4 |  4.7
Transmutations | 2 3 4 |  4.7
Fire Magic     | 2 3 4 |  4.7
Ice Magic      | 2 3 4 |  4.7
Air Magic      | 2 3 4 |  4.7
Earth Magic    | 2 3 4 |  4.7
Poison Magic   | 2 3 4 |  4.7
Invocations    | 3 4 5 6 |  6.3
Evocations     | 2 3 4 5 |  5.7

Action                   |  1- 3 |  4- 6 |  7- 9 || total
-------------------------+-------+-------+-------++-------
Melee: Quarterstaff      |     4 |     6 |     8 ||    18
       Bite              |     1 |     1 |     1 ||     3
Invok: Lunge             |       |     1 |       ||     1
       Whirlwind         |       |       |     2 ||     2
Evoke: Wand              |       |     1 |       ||     1
  Use: Potion            |       |     1 |       ||     1
 Stab: Sleeping          |       |     3 |     1 ||     4
Armor: Robe              |     1 |       |     2 ||     3
Dodge: Dodged            |       |     1 |     2 ||     3
